 Dungeon Crawl Stone Soup version 0.27-a0-1532-gca18f49f40 (webtiles) character file.

Game seed: 7291247731554147760

9 dickylongcocking the Slasher (level 2, 0/23 HPs)
             Began as a Djinni Wanderer on July 12, 2021.
             Slain by a jackal (2 damage)
             ... on level 1 of the Dungeon.
             The game lasted 00:00:16 (245 turns).

dickylongcocking the Slasher (Djinni Wanderer)       Turns: 245, Time: 00:00:17

Health: 0/23       AC:  2    Str: 11    XL:     2   Next: 25%
Gold:   15         EV: 12    Int: 13    God:
                   SH:  0    Dex: 12

rFire    + + .     SeeInvis .   a - +2 falchion
rCold    x . .     Faith    .   (no shield)
rNeg     . . .     Spirit   .   b - +0 robe
rPois    ∞         Reflect  .   (no helmet)
rElec    .         Harm     .   (no cloak)
rCorr    .         Rampage  .   (no gloves)
Will     .....                  (boots unavailable)
Stlth    +.........             (no amulet)
HPRegen  0.07/turn              (no ring)
MPRegen  0.00/turn              (no ring)

@: flying, very slightly contaminated
A: sickness immunity, fire resistance 2, cold vulnerability 1, float, innate
caster, hp casting, extra vitality 1
a: no special abilities


You were on level 1 of the Dungeon.
You visited 1 branch of the dungeon, and saw 1 of its levels.

You collected 15 gold pieces.

Inventory:

Hand Weapons
 a - a +2 falchion (weapon)
Armour
 b - a +0 robe (worn)


   Skills:
 + Level 2.0 Fighting
 + Level 2.3 Long Blades
 + Level 1.1 Bows
 + Level 2.0 Armour
 + Level 1.3 Dodging
 + Level 1.0 Shields
 + Level 1.0 Evocations


You couldn't memorise any spells.
You knew the following spells:

 Your Spells              Type           Power      Damage    Failure   Level
a - Foxfire               Conj/Fire      0%         2x1d4     30%         1
b - Conjure Flame         Conj/Fire      0%         6-21      67%         3
c - Vampiric Draining     Necr           0%         2d6       67%         3
d - Pain                  Necr           0%         1d4       30%         1

Your spell library contained the following spells:

 Spells                   Type           Power      Damage    Failure   Level


Dungeon Overview and Level Annotations

Branches:
Dungeon (1/15)

Altars:


Innate Abilities, Weirdness & Mutations

You are immune to sickness and miasma.
You are immune to poison.
Your flesh is very heat resistant. (rF++)
You are vulnerable to cold. (rC-)
You float through the air rather than walking.
You learn spells naturally, not from books.
Your magical power is your life essence.
You have superior vitality. (+4 HP)


Message History

Unknown command.
You conjure some foxfire!
The jackal bites you. x2
Unknown command.
You hit the jackal.
The jackal is heavily wounded.
The foxfire hits the jackal.
The jackal is severely wounded.
The foxfire hits the jackal.
The jackal is heavily wounded.
The jackal closely misses you. x2; The jackal bites you.
* * * LOW HITPOINT WARNING * * *
The jackal barely misses you.
Unknown command.
You are too injured to fight recklessly!
Unknown command.
Casting: Foxfire (safe; 30% risk of failure)
Confirm with . or Enter, or press ? or * to list all spells.
You conjure some foxfire!
* * * LOW HITPOINT WARNING * * *
The jackal misses you.
You riposte.
You hit the jackal but do no damage.
The jackal is heavily wounded.
The jackal closely misses you.
You riposte.
You hit the jackal.
You kill the jackal!
The jackal bites you.
* * * LOW HITPOINT WARNING * * *
You have reached level 2!
The foxfire hits the goblin.
You kill the goblin!
The foxfire hits the jackal.
The jackal is almost dead.
The jackal barely misses you.
You riposte.
You slash the jackal!
You kill the jackal!
Unknown command.
Sorry, you're not good enough to have a special ability.
Casting: Foxfire (safe; 30% risk of failure)
Confirm with . or Enter, or press ? or * to list all spells.
You miscast Foxfire.
Nothing appears to happen.
* * * LOW HITPOINT WARNING * * *
The jackal bites you.
You die...

### # ##.###### ##.##
############........
.....##..§.............###
#.....).....#..######.#
###....h@......# #.##
#.##.###..#..######..## #
#.# #..##...........
#.##.###..##........[..
#.........##...........
#.##.####>##...###....# #
#(# #.##..##.##...# #.#
#.# ..#..(#...# #.# #.#
+.<.'...#


You could see a jackal.

Vanquished Creatures
  A bat (D:1)
  An endoplasm (D:1)
  A goblin (D:1)
  3 jackals (D:1)
  A kobold (D:1)
7 creatures vanquished.

Vanquished Creatures (others)
  25 foxfires (D:1)
25 creatures vanquished.

Grand Total: 32 creatures vanquished

Notes
Turn   | Place    | Note
-------+----------+-------------------------------------------
     0 | D:1      | dickylongcocking the Djinni Wanderer began the quest for
                  | the Orb.
     0 | D:1      | Reached XP level 1. HP: 18/18 MP: 0/0
   244 | D:1      | Reached XP level 2. HP: 3/23 MP: 0/0
   245 | D:1      | Slain by a jackal

Illustrated notes

Levels and vault maps discovered:
D:1:      dpeg_arrival_shelter, layout_loops_ring

Skill      XL: |  1 |
---------------+----+-----
Long Blades    | 2 |  2.3
Fighting       | |  2.0
Bows           | |  1.1
Armour         | |  2.0
Dodging        | |  1.3
Shields        | |  1.0
Evocations     | |  1.0

Action                   || total
-------------------------++-------
Melee: Falchion          ||     1
 Cast: Foxfire           ||    13
Armor: Robe              ||     2
Dodge: Dodged            ||    12
       Rpst.: Falchion   ||     7

Table legend: (Time is in decaauts)
 A = Elapsed time spent in this place.
 B = Non-inter-level travel time spent in this place.
 C = Inter-level travel time spent in this place.
 D = Time resting spent in this place.
 E = Time spent auto-exploring this place.
 F = Levels seen in this place.
 G = Mean time per level.
                   A        B        C        D        E       F      G
               +--------+--------+--------+--------+--------+-----+--------+
         Total |    245 |    245 |      0 |      0 |    216 |   1 |  245.0 |
       Dungeon |    245 |    245 |      0 |      0 |    216 |   1 |  245.0 |
               +--------+--------+--------+--------+--------+-----+--------+

Top non-repeatable levels by time:
     D:1: 245 daAuts
